 Dungeon Crawl Stone Soup version 0.30.0-29-ga12c61a403 (webtiles) character file.

Game seed: 15360507686342259625

1590 LustLizard the Conjurer (level 8, -9/54 HPs)
             Began as an Octopode Conjurer on June 24, 2023.
             Killed from afar by an acid dragon (22 damage)
             ... with a splash of acid
             ... on level 8 of the Dungeon.
             The game lasted 00:08:00 (6339 turns).

LustLizard the Conjurer (Octopode Conjurer)         Turns: 6339, Time: 00:08:00

Health: -9/54      AC:  1    Str:  8    XL:     8   Next: 92%
Magic:  3/14       EV: 18    Int: 27    God:
Gold:   184        SH:  5    Dex: 10    Spells: 12/15 levels left

rFire   . .          .
                       - Unarmed
rCold   . . .        (no shield)
rNeg    . . .        (helmet restricted)
rPois   .            h - amulet of reflection
rElec   .            e - +5 ring of evasion
rCorr   .            m - ring of see invisible
SInv    +            r - +6 ring of intelligence
Will    .....        v - ring of wizardry
Stlth   ++++         (no ring)
HPRegen 0.29/turn    (no ring)
MPRegen 0.14/turn    (no ring)
                     (no ring)

%: reflection, wizardry (x1)
@: no status effects
A: almost no armour, amphibious, 8 rings, camouflage 1, gelatinous body 1,
(nimble swimmer 1), tentacles
a: no special abilities


You were on level 8 of the Dungeon.
You visited 1 branch of the dungeon, and saw 7 of its levels.

You collected 184 gold pieces.

Inventory:

Missiles
 j - a throwing net
Jewellery
 e - a +5 ring of evasion (left tentacle)
 h - an amulet of reflection (around mantle)
 m - a ring of see invisible (right tentacle)
 r - a +6 ring of intelligence (on tentacle)
 v - a ring of wizardry (on tentacle)
Wands
 w - a wand of polymorph (7)
Scrolls
 f - a scroll of identify {unknown}
 g - a scroll of fear {unknown}
 i - a scroll of noise
 n - a scroll of brand weapon {unknown}
 o - a scroll of immolation {unknown}
 s - a scroll of silence {unknown}
 u - 2 scrolls of amnesia
Potions
 a - 2 potions of magic
 c - a potion of brilliance {unknown}
 d - 2 potions of flight {unknown}
 l - a potion of degeneration {unknown}
 p - 2 potions of invisibility {unknown}
 q - 2 potions of mutation {unknown}
 t - a potion of resistance {unknown}


   Skills:
 + Level 4.2 Fighting
 - Level 2.0 Dodging
 + Level 6.8 Stealth
 + Level 4.1 Unarmed Combat
 + Level 4.3 Spellcasting
 * Level 7.5 Conjurations


You had 12 spell levels left.
You knew the following spells:

 Your Spells              Type           Power      Damage    Failure   Level
a - Magic Dart            Conj           100%       1d8       1%          1
b - Searing Ray           Conj           92%        2d7       1%          2

Your spell library contained the following spells:

 Spells                   Type           Power      Damage    Failure   Level
 Dazzling Flash           Conj/Hex       52%        N/A       1%          3
 Summon Small Mammal      Summ           20%        N/A       3%          1
 Fulminant Prism          Conj/Hex       13%        3d8       6%          4
 Iskenderun's Mystic Bla  Conj/Tloc      26%        2d7       6%          4
 Sticky Flame             Conj/Fire      26%        2d5       6%          4
 Call Canine Familiar     Summ           5%         N/A       9%          3
 Ignite Poison            Fire/Tmut/Pois 5%         N/A       9%          3
 Ozocubu's Armour         Ice            5%         N/A       9%          3
 Summon Guardian Golem    Hex/Summ       5%         N/A       9%          3
 Irradiate                Conj/Tmut      13%        3d16      17%         5
 Blade Hands              Tmut           2%         N/A       61%         5
 Dragon Form              Tmut           2%         N/A       100%        7
 Ozocubu's Refrigeration  Ice            2%         4d8       100%        7
 Ignition                 Fire           2%         3d3       100%        8


Dungeon Overview and Level Annotations

Branches:
Dungeon (8/15)               Lair (0/5) D:8
 Temple: D:4-7

Altars:
Fedhas


Innate Abilities, Weirdness & Mutations

You cannot wear most types of armour.
You are amphibious.
You can wear up to eight rings at the same time.
Your skin changes colour to match your surroundings (Stealth+).
Your rubbery body absorbs attacks. (AC +1, EV +1)
((You are camouflaged when in or above water. (Stealth+)))
You have tentacles for arms and can constrict up to eight enemies at once.


Message History

You constrict the wolf. You block the wolf's attack.
An ice beast comes into view.
You release your grip on the wolf.
You block the wolf's attack. The wolf bites you!
You miss the wolf. You grab the wolf.
You tentacle-slap the wolf, but do no damage.
The wolf is lightly wounded.
You constrict the wolf. The wolf misses you. You block the wolf's attack.
Aiming: Magic Dart (safe; 1% risk of failure)
Press: ? - help, Q - select action, (/) - cycle Shift-Dir - straight line, f/p - wolf
Aim: a wolf (lightly wounded, constricted by you, 100% to hit)
Okay, then.
Okay, then.
As you read the scroll labelled AGONOGRUEMI, it crumbles to dust.
You hear a loud clanging noise!
It was a scroll of noise.
You constrict the wolf.
You hear an angry hiss.
The wolf barely misses you. The wolf closely misses you.
As you read the scroll labelled ERUSIR AD ADE, it crumbles to dust.
It is a scroll of amnesia.
Really abort (and waste the scroll)?
Okay, then.
You constrict the wolf, but do no damage.
You block the wolf's attack.
As you read the scroll labelled ILIDEATAMO, it crumbles to dust.
You feel strangely unstable.
It was a scroll of teleportation.
You constrict the wolf. The wolf closely misses you. The wolf bites you!
* * * LOW HITPOINT WARNING * * *
You release your grip on the wolf.
The wolf attacks as you move away! You block the wolf's attack.
The wolf completely misses you.
A jelly comes into view.
You block the wolf's attack.
Your surroundings suddenly seem different.
An ice beast comes into view.
Found 18 gold pieces.
Found a staircase to the Lair.
An acid dragon comes into view.
An acid dragon is nearby!
The acid dragon spits acid at you. The splash of acid hits you!!
You die...

#)##........... ...
#.#.../........ D.
#.#.....Y...... #.##
../......~.....###...##
.........~...#........#.$
.........#.........>.....
...... #............#
....... ......#.#...##
........ .......@##...#
#~....#.# ..#.# ###......
..... .......## .....
....#.... .Y.. .....#...
...~ .....##.# .. ###


You could see an acid dragon (catching breath).

Vanquished Creatures
  An ice beast (D:5)
  A wolf (D:8)
  An ogre (D:5)
  2 centaurs
  A gnoll sergeant (D:5)
  5 scorpions
  4 howler monkeys
  Crazy Yiuf (D:4)
  2 jellies
  2 orc priests (D:5)
  5 hounds
  2 iguanas (D:5)
  A sleepcap (D:4)
  An orc wizard (D:5)
  10 adders
  8 gnolls
  A worm (D:2)
  4 dart slugs
  10 orcs
  11 ball pythons
  5 bats
  3 endoplasms
  2 giant cockroaches (D:1)
  7 goblins
  4 jackals
  4 quokkas
  4 frilled lizards
  4 kobolds
  2 rats (D:3)
108 creatures vanquished.

Notes
Turn   | Place    | Note
-------+----------+-------------------------------------------
     0 | D:1      | LustLizard the Octopode Conjurer began the quest for the
                  | Orb.
     0 | D:1      | Reached XP level 1. HP: 11/11 MP: 3/3
   157 | D:1      | Reached XP level 2. HP: 18/18 MP: 1/5
   401 | D:1      | Found a faded altar of an unknown god.
   870 | D:1      | Reached XP level 3. HP: 22/22 MP: 2/6
   981 | D:1      | Reached skill level 1 in Fighting
  1278 | D:2      | Learned a level 2 spell: Searing Ray
  1343 | D:2      | Reached skill level 1 in Unarmed Combat
  1403 | D:2      | Reached XP level 4. HP: 27/28 MP: 0/7
  2329 | D:3      | Reached XP level 5. HP: 29/33 MP: 0/8
  2744 | D:4      | Reached skill level 5 in Conjurations
  2850 | D:4      | Reached XP level 6. HP: 27/39 MP: 1/10
  3399 | D:4      | Reached XP level 7. HP: 35/45 MP: 0/11
  3874 | D:4      | Found a runed translucent door.
  3875 | D:4      | Noticed Crazy Yiuf
  3883 | D:4      | Killed Crazy Yiuf
  4027 | D:5      | Entered Level 5 of the Dungeon
  4133 | D:5      | Reached skill level 5 in Stealth
  4133 | D:5      | Reached skill level 6 in Conjurations
  4739 | D:5      | Reached XP level 8. HP: 52/52 MP: 6/13
  4915 | D:5      | Found a blossoming altar of Fedhas.
  5917 | D:5      | Reached skill level 7 in Conjurations
  6241 | D:6      | You fall into a shaft and drop 2 floors!
  6337 | D:8      | Found a staircase to the Lair.
  6339 | D:8      | Killed from afar by an acid dragon

Illustrated notes

Levels and vault maps discovered:
D:1:      dpeg_arrival_round_b, layout_loops_corners,
          hellmonk_ecumenical_altar_run_dry
D:2:      layout_rooms
D:3:      layout_rooms
D:4:      layout_cave_pools, grunt_ministairs_10, uniq_crazy_yiuf_cottage
D:5:      layout_loops_corners, mainiacjoe_overflow_alcove_1
D:6:      layout_basic, makhleb_altar_promises_db,
          minmay_temple_entry_large_hall, kennysheep_small_spiral,
          uniq_blork_the_orc
D:8:      layout_basic, hellmonk_lair_entry_icy, uniq_maurice

Skill      XL: |  1  2  3  4  5  6  7  8 |
---------------+-------------------------+-----
Stealth        | 3 4 5 6 |  6.8
Fighting       | 1 2 3 4 |  4.2
Unarmed Combat | 1 2 3 4 |  4.1
Conjurations   | 5 6 7 |  7.5
Spellcasting   | 3 4 |  4.3
Dodging        | |  2.0

Action                     |  1- 3 |  4- 6 |  7- 9 || total
---------------------------+-------+-------+-------++-------
  Melee: Unarmed           |     6 |    14 |    13 ||    33
         Tentacles         |     2 |     2 |     2 ||     6
         Constrict         |     1 |     2 |     5 ||     8
         Punch             |       |       |     2 ||     2
   Cast: Magic Dart        |    52 |    96 |   129 ||   277
         Searing Ray       |       |     6 |    15 ||    21
    Use: Scroll            |       |     2 |     4 ||     6
         Potion            |       |       |     5 ||     5
 Armour: Skin              |     2 |     2 |     3 ||     7
  Dodge: Dodged            |    11 |    32 |    59 ||   102
  Block: Other             |       |    11 |    21 ||    32
         Reflection        |       |     1 |       ||     1
